 Dungeon Crawl Stone Soup version 0.17-a0-1701-gf693a3f (webtiles) character file.

77 Kirisoku the Skirmisher (level 4, -1/41 HPs)
             Began as a Minotaur Fighter on Aug 21, 2015.
             Killed by divine providence
             ... invoked by an orc priest
              (12 damage)
             ... on level 3 of the Dungeon.
             The game lasted 00:09:17 (1475 turns).

Kirisoku the Skirmisher (Minotaur Fighter)          Turns: 1475, Time: 00:09:20

Health: -1/41      AC: 12    Str: 22    XL:     4   Next: 14%
Magic:  3/3        EV:  6    Int:  5    God:
Gold:   160        SH: 10    Dex:  9    Spells: 0 memorised, 3 levels left

rFire  . . .     SeeInvis .     e - -1 mace (curse)
rCold  . . .     Clarity  .     a - +0 scale mail
rNeg   . . .     SustAt   .     b - +1 shield
rPois  .         Gourm    .     i - +2 hat
rElec  .         Spirit   .     m - +2 cloak
rCorr  .         Warding  .     (no gloves)
rMut   .         Stasis   .     (no boots)
MR     .....                    (no amulet)
Stlth  ..........               (no ring)
                                j - -2 ring of evasion

@: lethally poisoned (-1 -> -5), not resistant to hostile enchantments,
extremely unstealthy
A: retaliatory headbutt, horns 2
a: no special abilities


You were on level 3 of the Dungeon.
You were near starving.

You visited 1 branch of the dungeon, and saw 3 of its levels.

You collected 160 gold pieces.

Inventory:

Hand weapons
 e - a cursed -1 mace (weapon)
 k - a +1 flail of protection
Armour
 a - a +0 scale mail (worn)
 b - a +1 shield (worn)
 i - a +2 hat (worn)
 m - a +2 cloak (worn)
Jewellery
 j - a -2 ring of evasion (left hand)
Scrolls
 f - 4 scrolls of identify
 h - a scroll of immolation
Potions
 c - a potion of might
 g - 2 potions of curing
Comestibles
 d - a bread ration
 l - a beef jerky


   Skills:
 + Level 4.4 Fighting
 + Level 4.3 Armour
 + Level 1.3 Dodging
 + Level 4.3 Shields
 + Level 2.4 Unarmed Combat


You had 3 spell levels left.
You didn't know any spells.

Dungeon Overview and Level Annotations

Branches:
Dungeon (3/15)

Altars:


Innate Abilities, Weirdness & Mutations

You reflexively headbutt those who attack you in melee.
You have a pair of horns on your head.


Message History

You barely miss something. You headbutt something.
You hear some strange, mumbled words.
A puff of flame appears from out of thin air!
The puff of flame hits you! You block the adder's attack.
Something hits you but does no damage.
You barely miss something. The adder bites you but does no damage.
The adder bites you.
You are poisoned.
The adder poisons you!
You hear some strange, mumbled words.
A magic dart appears from out of thin air!
The magic dart hits you! The adder bites you.
* * * LOW HITPOINT WARNING * * *
You miss something.
You feel sick. You block its attack. The adder bites you but does no damage.
The orc wizard mumbles some strange words.
The orc wizard blinks!
Something hits you but does no damage.
The orc priest calls down the wrath of Beogh upon you.
Something smites you!
You die...

#### #.##.# #.##.#
#### ##.##.#
...#########...#.#
.#........(.)....#
......######...###
.####.# ##.## .#
#.# #.#### ## #.#
#..)@# #.# ####S#
#.#


#rog# #.. #.o.# ### ...(. ...o... #.......# ###...#.# #...##. You could see an
orc priest, an orc wizard, an adder, an orc, a quokka and a goblin.

Vanquished Creatures
  An adder (D:2)
  2 oozes
  3 giant geckos
  An orc (D:3)
  A ball python (D:1)
  9 bats
  4 giant cockroaches
  2 goblins
  10 hobgoblins
  4 kobolds
  A giant newt (D:2)
  5 jackals (D:2)
  5 rats
48 creatures vanquished.

Notes
Turn   | Place    | Note
--------------------------------------------------------------
     0 | D:1      | Kirisoku the Minotaur Fighter began the quest for the Orb.
     0 | D:1      | Reached XP level 1. HP: 19/19 MP: 0/0
   152 | D:1      | Reached skill level 4 in Armour
   152 | D:1      | Reached XP level 2. HP: 18/27 MP: 1/1
   524 | D:1      | Reached XP level 3. HP: 23/33 MP: 2/2
   747 | D:2      | Reached skill level 1 in Dodging
  1188 | D:2      | Reached XP level 4. HP: 40/40 MP: 3/3
  1475 | D:3      | Killed from afar by an orc priest

Vault maps used:
D:1:      dpeg_arrival_water_temple_mockup, minmay_misc_feat_ornament
D:2:      lemuel_upstairs_altar, kennysheep_another_room
D:3:      uniq_sigmund

Action                   |  1- 3 |  4- 6 || total
-------------------------+-------+-------++-------
Melee: Unarmed           |   104 |       ||   104
       Mace              |    26 |    25 ||    51
  Use: Scroll            |     5 |     1 ||     6
       Potion            |     2 |       ||     2
